AoeStats
← caaruizma

Arena

509765994Analyzed
2v2 RM · 6d ago on Sep 27, 2026· 26m 4s· 4 players
Game mode
Random Map
Map size
Medium (4 player)
Population
200
Speed
Normal
Resources
Standard
Victory
Conquest
Starting age
Dark Age
Ending age
Imperial Age
RankedLock teamsTeams togetherTeam positionsShared explorationLock speedFull tech treeHidden civsTurbo modeCheats
Victory
Defeat
🇨🇴 Turks · Colombia
1118
+13
🇨🇴 Varangians · Colombia
1116
+14
🇬🇧 Georgians · United Kingdom
1078
-14
🇧🇷 Turks · Brazil
1049
-13
Lagolas
5:10 Loom
10:38 Feudal Age
14:12 Castle Age
12:06 Double-Bit Axe
13:04 Horse Collar
25:19 Fletching
25:49 Bow Saw
Lord Tiquira
8:50 Loom
12:43 Feudal Age
17:21 Castle Age
17:14 Double-Bit Axe
17:13 Horse Collar
23:11 Imperial Age
21:23 Padded Archer Armor
22:45 Bow Saw
22:57 Leather Archer Armor
23:13 Cavalier
25:13 Town Watch
caaruizma
12:09 Feudal Age
13:09 Double-Bit Axe
16:08 Castle Age
20:07 Imperial Age
20:42 Wheelbarrow
24:49 Bow Saw
cfosorioq
5:34 Loom
11:29 Feudal Age
16:45 Castle Age
15:18 Double-Bit Axe
17:42 Bow Saw
18:35 Gold Mining
21:06 Bloodlines
21:39 Horse Collar
22:17 Scale Barding Armor
Connection lost

Rejoining the realm…

Still unreachable

The connection could not be restored.

Session expired

The server has moved on; the page needs a fresh start.